Map: Lightshade LE

Players

JimRising

  • Race: Protoss Protoss
  • League: Grandmaster
  • Spawn Location: 5:00

NugPot - Winner!

  • Race: Terran Terran
  • League: Grandmaster
  • Spawn Location: 11:00

VOD

Have the link to the VOD?

Description

Time

  • Played on: Jan. 24, 2021, 9:52 p.m.
  • Length: 7:10
Show
View Real Time Build Order
Export as new Build Order

JimRising Protoss 

Build Orders: Blink Stalkers 

Get SALT Encoding   

  12  0:00  Probe  
  13  0:12  Probe  
  14  0:18  Pylon  
  14  0:24  Probe  
  15  0:36  Probe  
  15  0:37  Gateway  
  16  0:46  Assimilator  
  16  0:49  Probe  
  17  1:01  Probe (Chrono Boost)  
  18  1:13  Probe (Chrono Boost)  
  19  1:19  Probe (Chrono Boost)  
  19  1:24  Cybernetics Core  
  20  1:27  Probe  
  21  1:38  Pylon  
  21  1:39  Probe  
  22  1:53  Nexus  
  21  1:59  Probe  
  21  2:00  Assimilator, Adept (Chrono Boost)  
  22  2:07  Warp Gate  
  24  2:13  Probe  
  25  2:26  Probe  
  25  2:27  Stalker  
  28  2:38  Probe, Pylon  
  29  2:50  Probe  
  30  2:53  Twilight Council  
  30  3:02  Probe  
  31  3:09  Probe  
  32  3:14  Probe  
  33  3:21  Probe  
  33  3:26  Probe  
  35  3:27  Robotics Facility  
  35  3:31  Blink (Chrono Boost)  
  35  3:32  Pylon  
  35  3:33  Probe  
  34  3:38  Probe  
  35  3:45  Probe  
  36  3:50  Probe, Nexus  
  37  3:57  Stalker  
  37  4:00  Probe  
  40  4:03  Probe  
  41  4:12  Probe  
  41  4:15  Probe  
  43  4:17  Observer  
  43  4:21  Stalker  
  46  4:24  Probe  
  46  4:27  Probe  
  48  4:32  Gateway  
  48  4:34  Gateway  
  48  4:38  Gateway  
  48  4:39  Observer  
  48  4:45  Stalker  
  51  4:48  Pylon  
  51  4:59  Forge  
  51  5:00  Probe  
  51  5:01  Probe, Forge  
  51  5:03  Probe  
  54  5:08  Stalker  
  54  5:12  Probe  
  57  5:19  Pylon  
  56  5:22  Gateway  
  56  5:24  Gateway  
  56  5:26  Probe x3, Gateway  
  56  5:27  Gateway  
  59  5:29  Observer x2  
  60  5:37  Stalker  
  60  5:38  Stalker  
  60  5:40  Observer  
  64  5:46  Gateway  
  64  5:47  Gateway  
  64  5:52  Stalker  
  64  5:56  Probe  
  64  5:57  Probe x2  
  69  6:04  Stalker  
  69  6:05  Stalker  
  69  6:09  Probe x3  
  76  6:16  Stalker  
  76  6:17  Pylon x2  
  78  6:21  Probe x2, Pylon  
  78  6:24  Stalker  
  82  6:29  Pylon  
  82  6:31  Pylon  
  82  6:32  Pylon, Zealot  
  84  6:43  Zealot x2  
  84  6:44  Zealot x4  
  94  6:47  Zealot  
  94  6:52  Zealot x2  
  100  7:00  Zealot  
Show
View Real Time Build Order
Export as new Build Order

NugPot Terran - Winner!

Build Orders: Reaper Expand 

Get SALT Encoding   

  12  0:00  SCV  
  13  0:12  SCV  
  14  0:17  Supply Depot  
  14  0:24  SCV  
  15  0:38  SCV  
  15  0:39  Barracks  
  16  0:43  Refinery  
  16  0:50  SCV  
  17  1:03  SCV  
  18  1:15  SCV  
  19  1:27  Reaper, Orbital Command  
  20  1:43  Command Center  
  20  1:54  SCV  
  21  1:58  Supply Depot  
  21  1:59  Marine  
  22  2:06  SCV  
  23  2:11  Factory  
  23  2:17  Refinery  
  23  2:19  SCV  
  23  2:22  Barracks Reactor  
  24  2:31  SCV  
  25  2:43  SCV  
  25  2:55  Widow Mine, SCV  
  25  2:56  Orbital Command, Starport  
  25  2:57  Marine  
  25  2:58  Marine  
  30  3:08  SCV  
  31  3:15  Marine  
  31  3:16  Marine  
  31  3:17  Factory Tech Lab  
  32  3:21  SCV  
  32  3:23  SCV  
  34  3:33  SCV  
  35  3:34  Marine x2  
  35  3:35  Cyclone  
  35  3:40  SCV  
  41  3:41  Starport Tech Lab  
  41  3:42  Supply Depot  
  41  3:48  SCV  
  42  3:52  Marine, SCV  
  42  3:53  Marine  
  45  3:59  Barracks  
  45  4:01  Barracks  
  45  4:03  Raven, SCV  
  45  4:05  SCV, Refinery  
  45  4:09  Supply Depot  
  49  4:12  Marine x2  
  49  4:16  SCV  
  52  4:19  SCV  
  53  4:28  Engineering Bay  
  53  4:30  SCV  
  57  4:31  Siege Tank  
  57  4:32  Marine, Refinery  
  57  4:34  Marine  
  57  4:37  SCV  
  60  4:43  SCV  
  61  4:45  Supply Depot  
  61  4:48  Supply Depot  
  61  4:51  Barracks Tech Lab  
  61  4:52  SCV  
  62  4:54  Starport Reactor  
  62  4:57  Terran Infantry Weapons Level 1  
  62  5:00  Supply Depot  
  62  5:07  Marine x3, SCV  
  62  5:09  Stimpack  
  62  5:13  Siege Tank  
  69  5:16  Marine  
  69  5:19  SCV x2  
  72  5:22  Combat Shield  
  72  5:26  Marine, Supply Depot  
  72  5:27  Marine  
  74  5:30  Marine  
  74  5:31  SCV  
  74  5:32  SCV  
  77  5:35  Medivac  
  77  5:38  Medivac  
  77  5:40  Marine  
  82  5:43  SCV  
  82  5:44  SCV  
  82  5:47  Marine x2  
  86  5:51  Siege Tank  
  86  5:54  Marine, Supply Depot  
  86  5:55  SCV  
  91  5:57  SCV  
  91  5:58  Marine  
  91  6:06  Marine x2  
  93  6:16  Marauder x2  
  97  6:18  Viking  
  97  6:23  Siege Tank  
  102  6:28  SCV x2, Viking  
  106  6:34  Supply Depot  
  106  6:36  Marine  
  105  6:45  Marine  
  105  6:46  Marine  
  104  6:51  Marine  
Tags
 
Add a new tag
Caveats
  • Supply blocks, unpowered buildings, or Contaminate may cause inaccurate times.
  • Supply counts are checked every 10 seconds.